 Dungeon Crawl Stone Soup version 0.29-b1-12-g9e2288ab2a (webtiles) character file.

Game seed: 6502537593801790739

9 Zeldest the Stinger (level 2, -4/22 HPs)
             Began as a Meteoran Venom Mage on Aug 23, 2022.
             Slain by Sigmund
             ... wielding a +1 vorpal scythe
              (12 damage)
             ... on level 2 of the Dungeon.
             The game lasted 00:01:31 (168 turns).

Zeldest the Stinger (Meteoran Venom Mage)            Turns: 168, Time: 00:01:31

Health: -4/22      AC:  2    Str:  9    XL:     2   Next: 35%
Magic:  0/6        EV: 12    Int: 16    God:
Gold:   0          SH:  0    Dex: 14    Spells: 5/6 levels left

rFire   . . .      SeeInvis .   (no weapon)
rCold   . . .      Faith    .   (no shield)
rNeg    . . .      Spirit   .   a - +0 robe
rPois   .          Reflect  .   (no helmet)
rElec   .          Harm     .   (no cloak)
rCorr   .          Rampage  .   (no gloves)
Will    .....                   (no boots)
Stlth   +.........              (no amulet)
HPRegen 0.07/turn               (no ring)
MPRegen 0.10/turn               (no ring)

@: about to teleport, glowing
A: sense surroundings 1, otherworldly, glowing, explore regen
a: no special abilities


You were on level 2 of the Dungeon.
You visited 1 branch of the dungeon, and saw 2 of its levels.

Inventory:

Armour
 a - a +0 robe (worn)
Scrolls
 f - a scroll of torment {unknown}
Potions
 b - a potion of magic


   Skills:
 + Level 0.6 Fighting
 - Level 2.4 Dodging
 - Level 1.4 Stealth
 + Level 0.8 Unarmed Combat
 - Level 2.6 Spellcasting
 + Level 1.6 Transmutations
 + Level 3.8 Poison Magic


You had 5 spell levels left.
You knew the following spells:

 Your Spells              Type           Power      Damage    Failure   Level
a - Sting                 Tmut/Pois      40%        1d5       6%          1

Your spell library contained the following spells:

 Spells                   Type           Power      Damage    Failure   Level
 Poisonous Vapours        Pois/Air       16%        N/A       13%         2
 Mephitic Cloud           Conj/Pois/Air  6%         N/A       34%         3
 Olgreb's Toxic Radiance  Pois           14%        N/A       36%         4


Dungeon Overview and Level Annotations

Branches:
Dungeon (2/15) Zot: 1031

Altars:

Annotations:
D:2 Sigmund


Innate Abilities, Weirdness & Mutations

You passively map a small area around you.
You are easily found by Zot.
You glow in the dark.
You regain HP and MP as you explore.


Message History

* * * LOW HITPOINT WARNING * * *
Your magical contamination has completely faded away.
Casting: Sting (safe; 6% risk of failure)
Confirm with . or Enter, or press ? or * to list all spells.
Aiming: Sting (safe; 6% risk of failure)
Press: ? - help, Shift-Dir - straight line, f/p - Sigmund
Aim: Sigmund, wielding a +1 vorpal scythe and wearing a +0 robe (heavily wounded, poisoned, 68% to hit)
The sting misses Sigmund.
Casting: Sting (safe; 6% risk of failure)
Confirm with . or Enter, or press ? or * to list all spells.
Aiming: Sting (safe; 6% risk of failure)
Press: ? - help, Shift-Dir - straight line, f/p - Sigmund
Aim: Sigmund, wielding a +1 vorpal scythe and wearing a +0 robe (heavily wounded, poisoned, 68% to hit)
The sting misses Sigmund.
Sigmund barely misses you.
Casting: Sting (safe; 6% risk of failure)
Confirm with . or Enter, or press ? or * to list all spells.
Aiming: Sting (safe; 6% risk of failure)
Press: ? - help, Shift-Dir - straight line, f/p - Sigmund
Aim: Sigmund, wielding a +1 vorpal scythe and wearing a +0 robe (severely wounded, poisoned, 68% to hit)
The sting misses Sigmund.
Casting: Sting (safe; 6% risk of failure)
Confirm with . or Enter, or press ? or * to list all spells.
Aiming: Sting (safe; 6% risk of failure)
Press: ? - help, Shift-Dir - straight line, f/p - Sigmund
Aim: Sigmund, wielding a +1 vorpal scythe and wearing a +0 robe (severely wounded, poisoned, 68% to hit)
The sting hits Sigmund.
Sigmund looks even sicker.
Sigmund is almost dead.
Sigmund barely misses you.
Sigmund mumbles some strange words.
Sigmund flickers and vanishes!
A gnoll comes into view. It is wielding a +0 club.
As you read the scroll labelled CIVOZIGIRU, it crumbles to dust.
It is a scroll of amnesia.
Really abort (and waste the scroll)?
Okay, then.
As you read the scroll labelled VOEFOHO BUXO, it crumbles to dust.
You feel strangely unstable.
It was a scroll of teleportation.
Something hits you!
Ouch! That really hurt!
You die...

, ........# #.# #
#####.#@# #.# # , #
#.# #.# # , ** *
#.#########)#########
, , *
#....................
* **
###########.#########
* #.# *
##.###########.# ,
...g...@.{.....#
,##.############# , ,
, * *


You could see a gnoll.

Vanquished Creatures
  A bat (D:1)
  3 hobgoblins
  2 ball pythons (D:1)
  A frilled lizard (D:1)
  2 rats (D:1)
9 creatures vanquished.

Notes
Turn   | Place    | Note
-------+----------+-------------------------------------------
     0 | D:1      | Zeldest the Meteoran Venom Mage began the quest for the
                  | Orb.
     0 | D:1      | Reached XP level 1. HP: 14/14 MP: 5/5
    77 | D:1      | Reached XP level 2. HP: 20/22 MP: 4/6
   135 | D:2      | Noticed Sigmund
   148 | D:2      | HP: 1/22 [Sigmund/magic dart (8)]
   168 | D:2      | Slain by Sigmund

Illustrated notes

Levels and vault maps discovered:
D:1:      minmay_arrival_stone_box, layout_basic,
          ebering_ecumenical_altar_petrified, st_stairs_8, grunt_decor_fettered
D:2:      layout_loops_ring, uniq_robin, uniq_sigmund

Action                   || total
-------------------------++-------
Melee: Unarmed           ||     5
 Cast: Sting             ||    20
  Use: Scroll            ||     2
       Potion            ||     1
Armor: Robe              ||     4
Dodge: Dodged            ||    14
